 Dungeon Crawl Stone Soup version 0.20.1-1-g8b1a95d (webtiles) character file.

4799 vineage the Carver (level 10, -4/88 HPs)
             Began as a Minotaur Fighter on Aug 24, 2017.
             Was a Priest of Okawaru.
             Slain by Maurice
             ... wielding a +0 short sword
              (9 damage)
             ... on level 8 of the Dungeon.
             The game lasted 00:16:03 (7086 turns).

vineage the Carver (Minotaur Fighter)               Turns: 7086, Time: 00:16:04

Health: -4/88      AC:  0    Str: 22    XL:     10   Next: 24%
Magic:  9/9        EV: 16    Int:  5    God:    Okawaru [***...]
Gold:   0          SH: 13    Dex: 17    Spells: 9/9 levels left

rFire    . . .     SeeInvis .   a - +3 long sword
rCold    . . .     Gourm    .   c - +1 shield
rNeg     . . .     Faith    +   b - +0 scale mail
rPois    .         Spirit   .   (helmet restricted)
rElec    .         Reflect  .   x - +0 cloak
rCorr    .         Harm     .   A - +0 pair of gloves
MR       .....     Rnd*Tele +   H - +0 pair of boots
Stlth    +++.......             y - amulet of faith
Regen    0.3/turn               m - ring of stealth
MPRegen  0.2/turn               z - ring of teleportation (curse)

@: agile, corroded, flying
A: retaliatory headbutt, horns 2
a: Heroism, Renounce Religion


You were on level 8 of the Dungeon.
You worshipped Okawaru.
Okawaru was most pleased with you.
You were very hungry.

You visited 1 branch of the dungeon, and saw 8 of its levels.

Inventory:

Hand Weapons
 a - a +3 long sword (weapon)
 E - a +2 morningstar of freezing
Armour
 b - a +0 scale mail (worn)
 c - a +1 shield (worn)
 x - a +0 cloak (worn)
 A - a +0 pair of gloves (worn)
 H - a +0 pair of boots (worn)
Jewellery
 m - a ring of stealth (left hand)
 y - an amulet of faith (around neck)
 z - a cursed ring of teleportation (right hand)
 D - an uncursed ring of fire {unknown}
Wands
 d - a wand of random effects (30/48)
 o - a wand of paralysis (11/24)
 u - a wand of lightning (15/15)
 w - a wand of polymorph (10/24)
 B - a wand of polymorph (13/24)
 C - a wand of acid (5/15)
 F - a wand of acid (9/15)
 G - a wand of acid (6/15)
Scrolls
 g - a scroll of enchant armour
 j - a scroll of teleportation
 p - a scroll of torment {unknown}
 r - a scroll of recharging
Potions
 e - a potion of flight
 h - 3 potions of curing
 i - 5 potions of brilliance
 k - 2 potions of resistance {unknown}
 s - 2 potions of haste {unknown}
 t - a potion of agility
Comestibles
 f - 3 bread rations
 n - 6 meat rations
 v - a fruit


   Skills:
 + Level 8.2 Fighting
 + Level 10.8 Long Blades
 + Level 9.0 Armour
 + Level 4.7 Dodging
 + Level 2.1 Stealth
 + Level 8.1 Shields


You had 9 spell levels left.
You didn't know any spells.

Dungeon Overview and Level Annotations

Branches:
Dungeon (8/15)
 Temple: D:4-7         Lair: D:8-11

Altars:
Ashenzari
Cheibriados
Dithmenos
Gozag
Kikubaaqudgha
Okawaru
Ru
Uskayaw
Vehumet
Yredelemnul
The Shining One

Shops:
D:4 [   D:5 *   D:6 *

Annotations:
D:8 Maurice


Innate Abilities, Weirdness & Mutations

You reflexively headbutt those who attack you in melee.
You have a pair of horns on your head.


Message History

The acid burns!
* * * LOW HITPOINT WARNING * * *
You feel much better. Something completely misses you.
You feel agile all of a sudden.
You hear a zap.
A bolt of acid appears from out of thin air!
The bolt of acid hits you! The acid corrodes you!
You are splashed with acid!
The acid burns!
* * * LOW HITPOINT WARNING * * *
You feel very buoyant.
You fly up into the air.
You hear a zap.
A bolt of acid appears from out of thin air!
The bolt of acid misses you.
You hit something. Your headbutt misses something. You closely miss something.
You headbutt something. Something hits you!
* * * LOW HITPOINT WARNING * * *
Something steals all your gold! Something hits you!
You die...

.....## #.... #....###
#..# ###......## ##.#
#.........####..#
................# #.
.#.......#......#######...
###......#................
# ##......................
#........###.@.........
#......### ##..........
#.....## ###........
#....## ......... #....#
...##.... ###.....# ...##
#... ........ ..## ... ...
..# .. ###


There were no monsters in sight!

Vanquished Creatures
  Pikel (D:7)
  A troll (D:8)
  2 hippogriffs (D:7)
  Grinder (D:3)
  A wraith (D:7)
  2 steam dragons
  A water moccasin (D:7)
  2 orc warriors
  2 sky beasts
  2 ice beasts (D:7)
  5 phantoms
  2 necrophages
  2 centaurs
  5 bullfrogs
  A scorpion (D:7)
  7 wights (D:7)
  A howler monkey (D:4)
  4 crimson imps
  5 human zombies (D:7)
  A jelly (D:6)
  A hound (D:5)
  A bullfrog skeleton (D:5)
  A human skeleton (D:7)
  Ijyb (D:4)
  Terence (D:2)
  2 iguanas
  5 orc wizards
  5 worker ants
  2 hound skeletons
  A hound zombie (D:6)
  A mummy (D:7)
  Robin (D:2)
  3 gnolls (D:3)
  A howler monkey skeleton (D:8)
  13 adders
  2 shadow imps
  An ooze (D:7)
  The ghost of dscm the Magician, a weakling DrWz (D:4)
  The ghost of dscm the Magician, a weakling DrWz (D:3)
  2 worms
  2 leopard geckos (D:7)
  21 orcs
  4 giant cockroaches
  12 goblins
  11 hobgoblins
  8 jackals
  11 kobolds
  3 quokkas
  3 ball pythons
  5 bats
  5 frilled lizards
  A jackal skeleton (D:6)
  A leopard gecko skeleton (D:4)
  An orc zombie (D:7)
  6 rats
  A spectral orc (D:7)
189 creatures vanquished.

Vanquished Creatures (others)
  A slave (D:7)
  2 orcs (D:7)
3 creatures vanquished.

Grand Total: 192 creatures vanquished

Notes
Turn   | Place    | Note
-------+----------+-------------------------------------------
     0 | D:1      | vineage the Minotaur Fighter began the quest for the Orb.
     0 | D:1      | Reached XP level 1. HP: 19/19 MP: 0/0
   440 | D:1      | Reached XP level 2. HP: 27/27 MP: 1/1
   624 | D:2      | Noticed Terence
   631 | D:2      | Killed Terence
   631 | D:2      | Reached XP level 3. HP: 28/33 MP: 2/2
   668 | D:2      | Found a shattered altar of Ashenzari.
   787 | D:2      | Noticed Robin
   799 | D:2      | Reached XP level 4. HP: 26/41 MP: 3/3
   805 | D:2      | Killed Robin
   805 | D:2      | Reached skill level 3 in Long Blades
  1254 | D:2      | Found a glowing golden altar of the Shining One.
  1254 | D:2      | Found a sacrificial altar of Ru.
  1335 | D:3      | Noticed Grinder
  1347 | D:3      | Killed Grinder
  1347 | D:3      | Reached skill level 5 in Long Blades
  1347 | D:3      | Reached skill level 5 in Armour
  1347 | D:3      | Reached skill level 1 in Dodging
  1347 | D:3      | Reached skill level 5 in Shields
  1347 | D:3      | Reached XP level 5. HP: 13/47 MP: 4/4
  1347 | D:3      | Reached XP level 6. HP: 15/55 MP: 5/5
  1585 | D:3      | Noticed dscm's ghost (weakling DrWz)
  1588 | D:3      | Killed dscm's ghost
  1846 | D:3      | Reached skill level 5 in Fighting
  2023 | D:3      | Found an ancient bone altar of Kikubaaqudgha.
  2085 | D:4      | Reached XP level 7. HP: 61/61 MP: 6/6
  2094 | D:4      | Noticed dscm's ghost (weakling DrWz)
  2103 | D:4      | Killed dscm's ghost
  2397 | D:4      | Found Qeacuynn's Armour Emporium.
  2560 | D:4      | Reached skill level 6 in Long Blades
  3062 | D:4      | Noticed Ijyb
  3065 | D:4      | Paralysed by Ijyb for 4 turns
  3072 | D:4      | Killed Ijyb
  3111 | D:5      | Entered Level 5 of the Dungeon
  3185 | D:5      | Reached skill level 7 in Long Blades
  3344 | D:5      | Found a hide-covered altar of Uskayaw.
  3477 | D:5      | Found Gozag's Platinum Reserve.
  3479 | D:5      | Found an opulent altar of Gozag.
  3543 | D:5      | Found a radiant altar of Vehumet.
  3722 | D:5      | Found a shadowy altar of Dithmenos.
  3838 | D:5      | Noticed a steam dragon
  3840 | D:5      | Noticed a steam dragon
  3882 | D:5      | Killed a steam dragon
  3882 | D:5      | Reached XP level 8. HP: 31/70 MP: 7/7
  4190 | D:6      | Reached skill level 1 in Stealth
  4264 | D:6      | Reached skill level 8 in Long Blades
  4343 | D:6      | Found a snail-covered altar of Cheibriados.
  4377 | D:6      | Found Teklaopazu's General Store.
  4589 | D:6      | Found an iron altar of Okawaru.
  4596 | D:6      | Became a worshipper of Warmaster Okawaru
  4802 | D:7      | Noticed a hippogriff
  4810 | D:7      | Killed a hippogriff
  4887 | D:7      | Reached skill level 9 in Long Blades
  4917 | D:7      | Reached XP level 9. HP: 33/78 MP: 8/8
  4919 | D:7      | Reached * piety under Okawaru
  5467 | D:7      | Reached ** piety under Okawaru
  5680 | D:7      | Found an ancient bone altar of Kikubaaqudgha.
  6085 | D:7      | Noticed Pikel
  6099 | D:7      | Killed Pikel
  6099 | D:7      | Reached skill level 10 in Long Blades
  6107 | D:7      | Reached *** piety under Okawaru
  6120 | D:7      | Found a basalt altar of Yredelemnul.
  6295 | D:7      | Reached XP level 10. HP: 88/88 MP: 9/9
  7057 | D:8      | Noticed Maurice
  7086 | D:8      | Slain by Maurice

Skill      XL: |  1  2  3  4  5  6  7  8  9 10 |
---------------+-------------------------------+-----
Armour         | 4 5 6 7 9 |  9.0
Fighting       | 4 5 6 7 8 |  8.2
Shields        | 4 5 6 7 8 |  8.1
Long Blades    | 5 7 9 10 | 10.8
Dodging        | 1 2 3 4 |  4.7
Stealth        | 1 2 |  2.1

Action                   |  1- 3 |  4- 6 |  7- 9 | 10-12 || total
-------------------------+-------+-------+-------+-------++-------
Melee: Long sword        |    69 |   128 |   414 |    61 ||   672
       Headbutt          |    10 |    25 |   104 |    12 ||   151
  Use: Potion            |       |     1 |     3 |     4 ||     8
       Scroll            |       |       |    12 |     4 ||    16
 Stab: Sleeping          |       |       |     1 |       ||     1
  Eat: Chunk             |       |     3 |    12 |     1 ||    16
       Royal jelly       |       |     1 |       |       ||     1
       Fruit             |       |       |     2 |       ||     2
Armor: Scale mail        |    20 |    47 |   126 |    13 ||   206
Dodge: Dodged            |    21 |    46 |    98 |    22 ||   187
Block: Shield            |    32 |    78 |   173 |    31 ||   314
       Rpst.: Long sword |     5 |    14 |    34 |     5 ||    58
